 Dungeon Crawl Stone Soup version 0.29.1-1-gd02db6906a (webtiles) character file.

Game seed: 9277799968005798091

209 Aibolit the Trooper (level 5, 0/47 HPs)
             Began as a Hill Orc Fighter on Oct 8, 2022.
             Blown up by a gnoll (5 damage)
             ... with a mindburst bolt
             ... on level 3 of the Dungeon.
             The game lasted 00:03:57 (2816 turns).

Aibolit the Trooper (Hill Orc Fighter)              Turns: 2816, Time: 00:03:58

Health: 0/47       AC:  7    Str: 27    XL:     5   Next: 87%
Magic:  5/5        EV:  9    Int:  8    God:
Gold:   138        SH:  4    Dex: 10    Spells: 4/4 levels left

rFire   . . .      SeeInvis .   a - +0 war axe
rCold   . . .      Faith    .   c - +0 buckler
rNeg    . . .      Spirit   .   b - +0 scale mail
rPois   .          Reflect  .   (no helmet)
rElec   .          Harm     .   (no cloak)
rCorr   .          Rampage  .   (no gloves)
Will    .....                   (no boots)
Stlth   ..........              (no amulet)
HPRegen 0.15/turn               q - +6 ring of strength
MPRegen 0.09/turn               (no ring)

@: mighty
A: no striking features
a: no special abilities


You were on level 3 of the Dungeon.
You visited 1 branch of the dungeon, and saw 3 of its levels.

You collected 138 gold pieces.

Inventory:

Hand Weapons
 a - a +0 war axe (weapon)
Armour
 b - a +0 scale mail (worn)
 c - a +0 buckler (worn)
Jewellery
 q - a +6 ring of strength (left hand)
Wands
 k - a wand of iceblast (11)
Scrolls
 f - 2 scrolls of blinking
 g - a scroll of torment {unknown}
 l - a scroll of vulnerability
 m - a scroll of noise {unknown}
 o - a scroll of fear {unknown}
 p - a scroll of teleportation {unknown}
Potions
 e - 2 potions of degeneration {unknown}
 h - 2 potions of heal wounds {unknown}
 i - 4 potions of flight {unknown}
 j - a potion of curing {unknown}


   Skills:
 + Level 4.9 Fighting
 + Level 4.4 Axes
 + Level 4.4 Armour
 + Level 4.4 Shields


You had 4 spell levels left.
You didn't know any spells.
Your spell library contained the following spells:

 Spells                   Type           Power      Damage    Failure   Level
 Apportation              Tloc           0%         N/A       77%         1
 Necrotise                Necr           0%         1d4       77%         1
 Slow                     Hex            0%         N/A       77%         1
 Summon Small Mammal      Summ           0%         N/A       77%         1
 Static Discharge         Conj/Air       0%         3-3/arc   88%         2
 Confusing Touch          Hex            0%         N/A       98%         3
 Ignite Poison            Fire/Tmut/Pois 0%         N/A       98%         3
 Mephitic Cloud           Conj/Pois/Air  0%         N/A       98%         3
 Vampiric Draining        Necr           0%         2d6       98%         3
 Dispel Undead            Necr           0%         3d6       100%        4
 Sticky Flame             Conj/Fire      0%         2d3       100%        4
 Freezing Cloud           Conj/Ice/Air   0%         6-21      100%        5


Dungeon Overview and Level Annotations

Branches:
Dungeon (3/15)

Altars:

Annotations:
D:3 1 transporter, po7itron's ghost, amateur MfGl


Message History

The gnoll hits you but does no damage.
You barely miss po7itron's ghost.
Po7itron's ghost is lightly damaged.
You block po7itron's ghost's attack. The gnoll hits you but does no damage.
The gnoll hits you from afar with a +0 spear.
You barely miss po7itron's ghost.
Po7itron's ghost is lightly damaged.
Po7itron's ghost hits you. You block the gnoll's attack. x2
You hit po7itron's ghost.
Po7itron's ghost is moderately damaged.
Po7itron's ghost says, "What do you have that I didn't have?"
Po7itron's ghost hits you. You block the gnoll's attack.
The gnoll hits you from afar with a +0 spear.
* * * LOW HITPOINT WARNING * * *
The gnoll barely misses you.
The gnoll hits you from afar with a +0 spear.
* * * LOW HITPOINT WARNING * * *
Po7itron's ghost hits you but does no damage.
You slash po7itron's ghost!
Po7itron's ghost is heavily damaged.
You hit the gnoll. You block po7itron's ghost's attack.
The gnoll closely misses you. The gnoll hits you but does no damage.
You barely miss po7itron's ghost.
Po7itron's ghost is heavily damaged.
You barely miss the gnoll. The gnoll closely misses you.
Po7itron's ghost completely misses you.
The gnoll hits you from afar with a +0 spear.
* * * LOW HITPOINT WARNING * * *
The gnoll hits you but does no damage.
You closely miss po7itron's ghost.
Po7itron's ghost is heavily damaged.
You slash the gnoll!
You kill the gnoll!
The gnoll hits you but does no damage.
Po7itron's ghost holds its blade at the ready.
Po7itron's ghost hits you.
* * * LOW HITPOINT WARNING * * *
You block the gnoll's attack. The gnoll hits you but does no damage.
The gnoll zaps a wand.
Your mind is blasted!
You die...

#.≈≈##.###.###g##≈≈.# #....
#.≈≈#.......g.g.#≈≈.# #....
#.≈≈###.##+##.###≈≈.# ##...
#.≈≈..#g#$$$#.#..≈≈.###....
#.≈≈.##.#...#.##.≈≈...#....
#.≈≈.#.g#W:=#.©#.≈≈........
#.≈≈.##.#####.##.≈≈.##.#...
#.....#.#8⌠8#.#..≈≈....##..
#....©#gg)@.gg#©.~~.######.
#.....#g#.W.#.#..≈≈.# #...
#.≈≈.##.##.##.##.≈≈.####...
##.≈≈.#g.#...#..#.≈≈...#...#
#.)≈≈.##.#⌠.⌠#.##.≈≈.#...#.#
#..≈≈..#.#...#.#..≈≈.......#
#..≈≈###g##'##.###≈≈..##..##
#.)≈≈#gg.......g.#≈≈.###).##
#..≈≈##.###g###.##≈≈.###...#


You could see po7itron's ghost and 5 gnolls.

Vanquished Creatures
  Ijyb (D:3)
  Natasha (thrice) (D:2)
  An adder (D:2)
  5 gnolls (D:3)
  2 worms
  3 dart slugs
  2 endoplasms
  5 goblins
  8 hobgoblins
  2 jackals (D:2)
  4 quokkas
  4 ball pythons
  3 bats
  6 frilled lizards
  5 kobolds
  2 rats (D:1)
56 creatures vanquished.

Vanquished Creatures (others)
  6 plants (D:3)
6 creatures vanquished.

Grand Total: 62 creatures vanquished

Notes
Turn   | Place    | Note
-------+----------+-------------------------------------------
     0 | D:1      | Aibolit the Hill Orc Fighter began the quest for the Orb.
     0 | D:1      | Reached XP level 1. HP: 19/19 MP: 1/1
   222 | D:1      | Reached XP level 2. HP: 24/27 MP: 2/2
   843 | D:2      | Noticed Natasha
   849 | D:2      | Killed Natasha
   850 | D:2      | Reached XP level 3. HP: 22/33 MP: 3/3
   994 | D:2      | Reached XP level 4. HP: 26/40 MP: 4/4
  1460 | D:2      | Noticed Natasha
  1473 | D:2      | Killed Natasha
  1737 | D:2      | Noticed Natasha
  1748 | D:2      | Killed Natasha
  1749 | D:2      | Reached XP level 5. HP: 23/47 MP: 5/5
  2180 | D:3      | Noticed Ijyb
  2189 | D:3      | Killed Ijyb
  2393 | D:3      | Found a transporter.
  2435 | D:3      | Found a transporter.
  2443 | D:3      | Noticed po7itron's ghost (amateur MfGl)
  2575 | D:3      | Found a faded altar of an unknown god.
  2816 | D:3      | Blown up by a gnoll

Illustrated notes

Levels and vault maps discovered:
D:1:      co_arrival_square_in_a_square_in_a_square, layout_basic,
          nrook_mini_vaults, minmay_stone_trees_small
D:2:      layout_loops_ring, serial_aquarium, aquarium_bridge_square
          [aquarium_subvault_window, aquarium_subvault_bridge,
          aquarium_subvault_bridge, aquarium_subvault_bridge],
          aquarium_window_corridor_3, aquarium_window_1, aquarium_view_2b,
          aquarium_view_2b, aquarium_pool_S, uniq_natasha
D:3:      layout_rooms, gammafunk_ghost_gnarly_gnolls,
          shapermc_ecumenical_altar_gd, st_stairs_12, reono_crystal_passage,
          uniq_ijyb

Skill      XL: |  1  2  3  4 |
---------------+-------------+-----
Axes           | 3 4 |  4.4
Fighting       | 4 |  4.9
Armour         | 4 |  4.4
Shields        | 4 |  4.4

Action                   |  1- 3 |  4- 6 || total
-------------------------+-------+-------++-------
Melee: War axe           |    62 |   106 ||   168
  Use: Scroll            |       |     2 ||     2
       Potion            |       |     2 ||     2
Armor: Scale mail        |    31 |    62 ||    93
Dodge: Dodged            |    23 |    42 ||    65
Block: Buckler           |    16 |    30 ||    46
